 Dungeon Crawl Stone Soup version 0.30-a0-1163-gf69bf04e7a (webtiles) character file.

Game seed: 18031666387945483605

600 mandoloar the Caller (level 7, -5/45 HPs)
             Began as an Octopode Summoner on Apr 29, 2023.
             Killed by nerve-wracking pain
             ... invoked by an orc priest
              (14 damage)
             ... on level 5 of the Dungeon.
             The game lasted 00:14:18 (5119 turns).

mandoloar the Caller (Octopode Summoner)            Turns: 5119, Time: 00:14:19

Health: -5/45      AC:  1    Str:  8    XL:     7   Next: 41%
Magic:  9/21       EV: 14    Int: 22    God:
Gold:   307        SH:  0    Dex: 17    Spells: 4/13 levels left

rFire   . . .        a - +10 short sword "Aron" {flame, Contam Int+3 Dex+5}
rCold   . . .        (no shield)
rNeg    . . .        (helmet restricted)
rPois   .            (no amulet)
rElec   .            A - ring of magical power
rCorr   .            (no ring)
SInv    .            (no ring)
Will    .....        (no ring)
Stlth   ++           (no ring)
HPRegen 0.27/turn    (no ring)
MPRegen 0.17/turn    (no ring)
                     (no ring)

%: no passive effects
@: confused
A: almost no armour, amphibious, 8 rings, camouflage 1, gelatinous body 1,
(nimble swimmer 1), tentacles
a: no special abilities


You were on level 5 of the Dungeon.
You visited 2 branches of the dungeon, and saw 6 of its levels.
You also visited: Sewer.

You collected 307 gold pieces.

Inventory:

Hand Weapons
 a - the +10 short sword "Aron" (weapon) {flame, Contam Int+3 Dex+5}
   (You found it on level 2 of the Dungeon)

   Int:       It affects your intelligence (+3).
   Dex:       It affects your dexterity (+5).
   Contam:    It causes magical contamination when unequipped.
Missiles
 j - 24 stones
 k - 19 poisoned darts
 l - 2 atropa-tipped darts
Armour
 i - a +1 kite shield
Jewellery
 r - a ring of ice
 A - a ring of magical power (left tentacle)
Scrolls
 b - 3 scrolls of fear
 f - a scroll of vulnerability
 h - 3 scrolls of enchant armour
Potions
 c - a potion of cancellation {unknown}
 d - a potion of magic
 g - 5 potions of curing
 m - 5 potions of flight
 n - 2 potions of brilliance {unknown}
 o - 2 potions of resistance {unknown}
 p - a potion of heal wounds {unknown}
 q - 2 potions of berserk rage {unknown}
 s - a potion of might {unknown}


   Skills:
 + Level 2.9 Fighting
 + Level 3.8 Dodging
 - Level 2.6 Stealth
 + Level 2.9 Unarmed Combat
 + Level 3.5 Spellcasting
 + Level 2.1 Hexes
 + Level 5.1 Summonings


You had 4 spell levels left.
You knew the following spells:

 Your Spells              Type           Power      Damage    Failure   Level
a - Summon Small Mammal   Summ           100%       N/A       1%          1
b - Call Imp              Summ           52%        N/A       2%          2
c - Call Canine Familiar  Summ           26%        N/A       4%          3
d - Summon Guardian Gole  Hex/Summ       19%        N/A       8%          3

Your spell library contained the following spells:

 Spells                   Type           Power      Damage    Failure   Level
 Summon Lightning Spire   Summ/Air       15%        N/A       38%         4


Dungeon Overview and Level Annotations

Branches:
Dungeon (5/15)             Temple (1/1) D:5           Sewer (visited)

Altars:
Ashenzari
Dithmenos
Fedhas
Gozag
Hepliaklqana
Makhleb
Nemelex Xobeh
Okawaru
Qazlal
Ru
Sif Muna
Trog
Uskayaw
Vehumet
Wu Jian
The Shining One

Shops:
D:1 !

Annotations:
D:4 Sigmund


Innate Abilities, Weirdness & Mutations

You cannot wear most types of armour.
You are amphibious.
You can wear up to eight rings at the same time.
Your skin changes colour to match your surroundings (Stealth+).
Your rubbery body absorbs attacks. (AC +1, EV +1)
((You are camouflaged when in or above water. (Stealth+)))
You have tentacles for arms and can constrict up to eight enemies at once.


Message History

Your guardian golem explodes!
The fiery explosion engulfs your hound!!
Your hound dies!
Your hound's corpse disappears in a puff of smoke!
The fiery explosion engulfs your cerulean imp!
The fiery explosion engulfs the orc!!
The orc dies!
You hear an angry hiss.
You hear a shout!
Casting: Call Canine Familiar (dangerous; 4% risk of failure)
Confirm with . or Enter, or press ? or * to list all spells.
Something hits you. Something freezes you.
The orc priest hits you with a +0 hand axe.
Your cerulean imp is engulfed in blazing flames.
Your cerulean imp dies!
Your cerulean imp disappears in a puff of smoke!
Casting: Call Canine Familiar (dangerous; 4% risk of failure)
Confirm with . or Enter, or press ? or * to list all spells.
A guardian golem appears, shielding your allies.
Your hound bites something.
You hear some strange, mumbled words.
You are confused.
The orc priest hits you with a +0 hand axe.
The orc priest hits your guardian golem but does no damage.
Are you sure you want to stumble around while confused and next to your hound? [Y]es or [N]o only, please.
Are you sure you want to stumble around while confused and next to your hound?
Your hound bites something but does no damage.
The orc priest hits you with a +0 hand axe.
The orc priest hits your guardian golem with a +0 hand axe.
Something hits you.
* * * LOW HITPOINT WARNING * * *
Something freezes you.
* * * LOW HITPOINT WARNING * * *
Your hound bites something.
There is a staircase to the Ecumenical Temple, spattered with blood here.
You can't go up here!
The water moccasin barely misses your hound.
The orc priest invokes the aid of Beogh against you.
Pain shoots through your body!
You die...

..... .......
$..... ..!.. #
#.(.. #.# ##..#)#
#...##..##.##
##..
#....##o)§##....#
#.....9.@§.§h...#
#....##.h§##....
#...##).##S## .
##.. ##. #.# #.
#.... # .....
S...... ######...
##


You could see a water moccasin, a hound, an orc priest (ally target), a friendly
guardian golem (summoned) and a friendly hound (summoned, sheltered).

Vanquished Creatures
  A phantom (D:5)
  3 river rats (Sewer)
  3 adders (Sewer)
  3 worms
  A dart slug (D:1)
  2 orcs (D:5)
  2 ball pythons (Sewer)
  An endoplasm (D:3)
  A giant cockroach (D:3)
  A goblin (D:2)
  3 quokkas
  A bat (D:2)
22 creatures vanquished.

Vanquished Creatures (collateral kills)
  An ogre (D:5)
  A kobold brigand (D:3)
  A hound (D:4)
  An orc priest (D:3)
  An iguana (D:5)
  4 adders
  2 river rats (Sewer)
  2 dart slugs
  6 orcs
  5 ball pythons
  2 endoplasms
  3 giant cockroaches (Sewer)
  A goblin (D:1)
  4 hobgoblins (D:3)
  7 jackals
  8 kobolds
  3 quokkas
  6 bats
  3 frilled lizards
  8 rats
69 creatures vanquished.

Vanquished Creatures (others)
  A kobold brigand (D:3)
  An orc (D:5)
  2 fungi (D:5)
4 creatures vanquished.

Grand Total: 95 creatures vanquished

Notes
Turn   | Place    | Note
-------+----------+-------------------------------------------
     0 | D:1      | mandoloar the Octopode Summoner began the quest for the
                  | Orb.
     0 | D:1      | Reached XP level 1. HP: 11/11 MP: 3/3
   200 | D:1      | Found Izaute's Distillery.
   247 | D:1      | Reached XP level 2. HP: 18/18 MP: 3/5
   320 | D:1      | Learned a level 2 spell: Call Imp
  1323 | D:2      | Found a faded altar of an unknown god.
  1338 | D:2      | Reached XP level 3. HP: 18/22 MP: 6/6
  1523 | D:2      | Reached skill level 1 in Fighting
  1523 | D:2      | Reached skill level 1 in Unarmed Combat
  1617 | D:2      | Identified the +10 short sword "Aron" {flame, Contam Int+3
                  | Dex+5}
  2275 | D:3      | Found a glowing drain.
  2279 | Sewer    | Entered a sewer
  2293 | Sewer    | Reached XP level 4. HP: 28/28 MP: 7/7
  2343 | Sewer    | Learned a level 3 spell: Call Canine Familiar
  2936 | Sewer    | Reached XP level 5. HP: 34/34 MP: 9/9
  2971 | Sewer    | Learned a level 3 spell: Summon Guardian Golem
  3300 | D:3      | Found a shadowy altar of Dithmenos.
  3427 | D:3      | Noticed a kobold brigand
  3445 | D:3      | Killed a kobold brigand
  3446 | D:3      | Reached skill level 1 in Hexes
  3446 | D:3      | Reached XP level 6. HP: 39/39 MP: 10/10
  3711 | D:3      | Found a hide-covered altar of Uskayaw.
  4386 | D:4      | Noticed Sigmund
  4579 | D:4      | You fall into a shaft and drop 1 floor!
  4579 | D:5      | Entered Level 5 of the Dungeon
  4598 | D:5      | Reached skill level 5 in Summonings
  4598 | D:5      | Reached XP level 7. HP: 18/45 MP: 10/12
  4800 | D:5      | Found a staircase to the Ecumenical Temple.
  4806 | Temple   | Entered the Ecumenical Temple
  5119 | D:5      | Killed from afar by an orc priest

Illustrated notes

Levels and vault maps discovered:
D:1:      saegor_arrival_simple_d, layout_basic, serial_shops,
          nicolae_shop_back_alley_shop, feat_on_display
D:2:      layout_rooms, ebering_ecumenical_altar_sacrificial
D:3:      cheibrodos_thug_alley, layout_basic, eat_drink_and_be_merry_uskayaw,
          mainiacjoe_overflow_brackets, gup_sewer_entry_bowl
D:4:      layout_gridville, serial_shops, nicolae_take_the_stairs,
          ebering_ghost_sewer_f, uniq_natasha, uniq_pargi, uniq_sigmund
D:5:      layout_basic, lemuel_round_altar, minmay_temple_entry_waves,
          corexii_item_surrounded_by_moat, minmay_misc_feat_more_columns,
          dk_noncrumbling_3, uniq_crazy_yiuf_cottage
Temple:   eino_temple_water

Skill      XL: |  1  2  3  4  5  6  7 |
---------------+----------------------+-----
Fighting       | 1 2 |  2.9
Unarmed Combat | 1 2 |  2.9
Dodging        | 3 |  3.8
Spellcasting   | 3 |  3.5
Hexes          | 1 2 |  2.1
Summonings     | 5 |  5.1
Stealth        | |  2.6

Action                     |  1- 3 |  4- 6 |  7- 9 || total
---------------------------+-------+-------+-------++-------
  Melee: Unarmed           |     7 |       |       ||     7
         Constrict         |     7 |     3 |     1 ||    11
         Dagger            |     2 |       |       ||     2
         Tentacles         |     3 |     2 |       ||     5
         Short sword       |    15 |    19 |     3 ||    37
   Cast: Summon Small Mamm |    21 |     5 |       ||    26
         Call Imp          |    20 |    13 |     1 ||    34
         Call Canine Famil |       |    29 |     4 ||    33
         Summon Guardian G |       |     7 |     5 ||    12
    Use: Scroll            |     7 |     2 |     1 ||    10
   Stab: Distracted        |     1 |       |       ||     1
         Sleeping          |     1 |       |       ||     1
 Armour: Skin              |     3 |     2 |       ||     5
  Dodge: Dodged            |    25 |    21 |     7 ||    53

Table legend: (Time is in decaauts)
 A = Elapsed time spent in this place.
 B = Non-inter-level travel time spent in this place.
 C = Inter-level travel time spent in this place.
 D = Time resting spent in this place.
 E = Time spent auto-exploring this place.
 F = Levels seen in this place.
 G = Mean time per level.
                   A        B        C        D        E       F      G
               +--------+--------+--------+--------+--------+-----+--------+
         Total |   5116 |   4810 |    306 |    537 |   3330 |   7 |  730.9 |
       Dungeon |   3909 |   3626 |    283 |    361 |   2571 |   5 |  781.8 |
        Temple |    260 |    237 |     23 |      0 |    224 |   1 |  260.0 |
         Sewer |    945 |    945 |      0 |    176 |    535 |   1 |  945.0 |
               +--------+--------+--------+--------+--------+-----+--------+

Top non-repeatable levels by time:
     D:3: 1657 daAuts
     D:1: 1089 daAuts
   Sewer: 945 daAuts
     D:2: 768 daAuts
     D:5: 279 daAuts
  Temple: 260 daAuts
     D:4: 115 daAuts
